cohdb
Replays
Latest Replays
All Replays
Popular Replays
Top Player Replays
Match Explorer
How It Works
Community
CoH3 Stats
Reddit
Sign in to upload your games and track your stats! →
Sign in with Steam
Match 42226968
Unlisted
Match 42226968
Overview
Messages
Build Orders
End
Engineer Squad
Construct Weapon Support Center
Selects Heavy Weapons
Bazooka Squad
M1919 Machine Gun Team
M1919 Machine Gun Team
Engineer Squad
Selects M2HB .50cal Heavy Machine Gun
Air Support Center
Bazooka Squad
Grasshopper Recon Run
P-47 Strafing Run
Bazooka Squad
Improved M9 Bazooka Rockets
Double Sortie
M3 Armored Personnel Carrier
Ardy
kenleung
Licking the dog
SI-LAY-COW
1547291164
Aleph
初与初夏
MHGwaltz
0
0
Comments
sign in to comment!
No comments posted yet!